cohdb
Replays
Latest Replays
All Replays
Popular Replays
Top Player Replays
Match Explorer
How It Works
Community
CoH3 Stats
Reddit
Sign in to upload your games and track your stats! →
Sign in with Steam
Match 42839898
Unlisted
Match 42839898
Overview
Messages
Build Orders
End
Engineer Squad
Construct Barracks
Selects Armored Battlegroup
1⁄4-ton 4x4 Truck
Riflemen Squad
Selects Veteran Crews
Riflemen Squad
Infantry Support Center
Riflemen Squad
Selects Fast Deploy
Construct Motor Pool
M8 Greyhound Armored Car
M1 Anti-tank Gun Team
Construct Medical Station
Engineer Squad
M1918 Browning Automatic Rifles
Riflemen Squad
Construct Tank Depot
Selects Field Repairs
Field Repairs
Selects War Machine
Selects Seek and Destroy
Selects UNKNOWN (2160077)
M4A3E8 Sherman Easy Eight
Grenade Package
.
MrGlaucus
0
0
Comments
sign in to comment!
No comments posted yet!